 Dungeon Crawl Stone Soup version bcrawl-1.13.2 (webtiles) character file.

Game seed: 2517002506800514784

723 Heliosone the Skirmisher (level 7, -2/63 HPs)
             Began as a Djinni Reaver on Aug 10, 2019.
             Was a Priest of Vehumet.
             Slain by an orc warrior
             ... wielding a +0 war axe
              (21 damage)
             ... on level 3 of the Dungeon.
             The game lasted 00:15:09 (6001 turns).

Heliosone the Skirmisher (Djinni Reaver)            Turns: 6001, Time: 00:15:10

Health: -2/63      AC:  7    Str: 16    XL:     7   Next: 43%
Magic:  20/20      EV: 12    Int: 19    God:    Vehumet [***...]
Gold:   306        SH:  2    Dex:  9    Spells: 11/12 levels left

rFire    . . .     SeeInvis .   a - +0 trident
rCold    . . .     Gourm    .   z - +0 buckler
rNeg     . . .     Faith    .   b - +0 steam dragon scales
rPois    .         Spirit   .   p - +0 helmet
rElec    .         Reflect  .   C - +0 cloak
rCorr    .         Harm     .   (no gloves)
MR       .....     Rnd*Rage +   (boots unavailable)
Stlth    +.........             (no amulet)
HPRegen  0.20/turn              g - ring of magical power
MPRegen  0.17/turn              r - +3 ring of strength

@: flying
A: never pass out, berserk 2, blink, blurry vision 2, wild magic 2, MP-powered
wands, floating
a: Blink, Renounce Religion


You were on level 3 of the Dungeon.
You worshipped Vehumet.
Vehumet was most pleased with you.
You were very hungry.

You visited 1 branch of the dungeon, and saw 4 of its levels.
You also visited: Sewer.

You collected 306 gold pieces.

Inventory:

Hand Weapons
 a - a +0 trident (weapon)
 u - a +0 blowgun
Missiles
 j - 87 javelins (quivered)
 v - 388 poisoned needles
Armour
 b - +0 steam dragon scales (worn)
 p - a +0 helmet (worn)
 z - a +0 buckler (worn)
 C - a +0 cloak (worn)
Jewellery
 g - a ring of magical power (left hand)
 q - an uncursed ring of insulation
 r - a +3 ring of strength (right hand)
Scrolls
 d - 2 scrolls of immolation
 e - 5 scrolls of teleportation {unknown}
 k - 5 scrolls of remove curse {unknown}
 o - 7 scrolls of identify {unknown}
 x - a scroll of magic mapping {unknown}
 y - 2 scrolls of amnesia {unknown}
Potions
 c - 2 potions of haste
 h - a potion of lignification {unknown}
 i - 2 potions of brilliance {unknown}
 l - 3 potions of heal wounds
 m - 2 potions of flight {unknown}
 n - 3 potions of might {unknown}
 s - 4 potions of curing {unknown}
 t - 2 potions of degeneration {unknown}
 w - 4 potions of agility {unknown}
 B - a potion of ambrosia {unknown}
Comestibles
 f - 7 rations {!d}


   Skills:
 - Level 6.0 Fighting
 - Level 5.2 Polearms
 - Level 1.1 Armour
 - Level 3.4 Dodging
 - Level 3.0 Spellcasting
 + Level 5.0 Conjurations


You had 11 spell levels left.
You knew the following spells:

 Your Spells              Type           Power        Failure   Level  Hunger
a - Shock                 Conj/Air       ###..        5%          1    None

Your spell library contained the following spells:

 Spells                   Type           Power        Failure   Level  Hunger
 Ignite Poison            Fire/Tmut/Pois #.......     28%         3    ###....
 Iskenderun's Battlesphe  Conj/Chrm      ###.....     63%         5    ######.


Dungeon Overview and Level Annotations

Branches:
Dungeon (4/12)
 Temple: D:4-7

Altars:
Nemelex Xobeh
Qazlal
Xom
Zin


Innate Abilities, Weirdness & Mutations

You never pass out after going berserk.
You often lose your temper in combat.
You can translocate small distances at will.
Scrolls take you longer to read.
Your spells are harder to cast, but more powerful.
You expend magic power (3 MP) to strengthen your wands.
Your body floats in the air.


Message History

The orc warrior hits you with a +0 war axe.
* * * LOW HITPOINT WARNING * * *
You closely miss the orc warrior.
The orc warrior is almost dead.
You hit the orc warrior but do no damage.
The orc warrior is almost dead.
The orc warrior completely misses you.
You closely miss the orc warrior.
The orc warrior is almost dead.
The orc warrior barely misses you.
You hit the orc warrior but do no damage.
The orc warrior is almost dead.
The orc warrior closely misses you.
You closely miss the orc warrior.
The orc warrior is almost dead.
The orc warrior barely misses you.
You hit the orc warrior but do no damage.
The orc warrior is almost dead.
The orc warrior hits you with a +0 war axe!!
You die...

.......## ##[......#
.≈≈.≈..≈# #........#
≈≈≈≈≈≈≈≈# #........#
≈≈≈≈≈≈≈≈####.....####
≈≈≈≈≈≈≈##.#####..#
≈≈≈≈≈≈≈#..<......#
#≈≈≈≈≈##..####...#
#######...# #.#o#
..###.....####.#@#
.....).........#.#
...######......#.#
##.# #<##.####.#.#
#.# #.##.# #.#.# #.#
#.##.# #.#.# #.#
#.##.# #.#.# #.#
#.##.# #.#.# ##.#
#.##.# #.#.#


You could see an orc warrior.

Vanquished Creatures
  A sky beast (D:4)
  3 big kobolds (Sewer)
  3 orc priests
  Crazy Yiuf (D:3)
  2 worker ants
  8 adders
  6 river rats
  2 oozes
  3 worms
  3 dart slugs
  A leopard gecko (D:3)
  10 orcs
  8 ball pythons
  3 giant cockroaches
  5 goblins
  7 hobgoblins
  4 jackals (D:3)
  4 quokkas
  5 bats
  A frilled lizard (D:4)
  22 kobolds
  24 rats
126 creatures vanquished.

Notes
Turn   | Place    | Note
-------+----------+-------------------------------------------
     0 | D:1      | Heliosone the Djinni Reaver began the quest for the Orb.
     0 | D:1      | Reached XP level 1. HP: 19/19 MP: 4/4
   392 | D:1      | Reached XP level 2. HP: 26/26 MP: 6/6
   527 | D:1      | Reached skill level 1 in Armour
   752 | D:2      | Found a glowing silver altar of Zin.
   968 | D:2      | Found a shimmering altar of Xom.
  1011 | D:2      | Reached * piety under Vehumet
  1011 | D:2      | Offered knowledge of Shock by Vehumet.
  1022 | D:2      | Learned a level 1 spell: Shock
  1052 | D:2      | Reached XP level 3. HP: 33/33 MP: 7/7
  1053 | D:2      | Found a stormy altar of Qazlal.
  1448 | D:2      | Gained mutation: Your spells are harder to cast, but more
                  | powerful. [Djinni growth]
  1448 | D:2      | Gained mutation: You can translocate small distances at
                  | will. [Djinni growth]
  1448 | D:2      | Reached XP level 4. HP: 39/40 MP: 4/8
  1668 | D:2      | Found a sparkling altar of Nemelex Xobeh.
  1852 | D:3      | Reached skill level 4 in Fighting
  2055 | D:3      | Found a runed door.
  2093 | D:3      | Reached ** piety under Vehumet
  2093 | D:3      | Offered knowledge of Sandblast by Vehumet.
  2208 | D:3      | Reached XP level 5. HP: 31/47 MP: 9/9
  2344 | D:3      | Found a glowing drain.
  2357 | Sewer    | Entered a sewer
  2594 | Sewer    | Reached skill level 5 in Fighting
  3357 | Sewer    | Offered knowledge of Ignite Poison by Vehumet.
  3357 | Sewer    | Reached XP level 6. HP: 56/56 MP: 10/10
  3788 | Sewer    | Reached *** piety under Vehumet
  4134 | Sewer    | Reached skill level 6 in Fighting
  4134 | Sewer    | Reached skill level 5 in Polearms
  4667 | D:3      | Reached XP level 7. HP: 18/63 MP: 11/11
  5179 | D:3      | Noticed Crazy Yiuf
  5184 | D:3      | Killed Crazy Yiuf
  5811 | D:4      | Reached skill level 5 in Conjurations
  6001 | D:3      | Slain by an orc warrior

Skill      XL: |  1  2  3  4  5  6  7 |
---------------+----------------------+-----
Armour         | 1 |  1.1
Conjurations   | 2 3 5 |  5.0
Fighting       | 4 5 6 |  6.0
Polearms       | 4 5 |  5.2
Dodging        | |  3.4
Spellcasting   | |  3.0

Action                   |  1- 3 |  4- 6 |  7- 9 || total
-------------------------+-------+-------+-------++-------
Melee: Trident           |    96 |   160 |    78 ||   334
 Cast: Shock             |    16 |   157 |    21 ||   194
 Stab: Sleeping          |     1 |       |       ||     1
  Eat: Chunk             |     2 |    10 |     3 ||    15
Armor: Steam dragon scal |    27 |    72 |    26 ||   125
Dodge: Dodged            |    53 |   173 |    35 ||   261
Block: Buckler           |       |     2 |     5 ||     7
